 Dungeon Crawl Stone Soup version 0.19.1-1-g22dce08 (webtiles) character file.

70348 M4edhros the Blocker (level 15, -10/108 HPs)
             Began as an Octopode Artificer on Jan 5, 2017.
             Was a High Priest of Fedhas.
             Killed from afar by an ogre mage (13 damage)
             ... with a bolt of cold
             ... on level 13 of the Dungeon.
             The game lasted 01:14:37 (26050 turns).

M4edhros the Blocker (Octopode Artificer)          Turns: 26050, Time: 01:14:39

Health: -10/108    AC: 12    Str:  7 (11) XL:     15   Next: 33%
Magic:  0/23       EV: 17    Int:  7 (10) God:    Fedhas [*****.]
Gold:   1434       SH: 19    Dex: 14 (17) Spells: 0 memorised, 14 levels left

rFire  + + .     SeeInvis .     D - +2 rapier (venom)
rCold  + . .     Gourm    .     I - +3 large shield
rNeg   + . .     Faith    .     Q - +2 hat
rPois  .         Spirit   +     i - amulet of guardian spirit
rElec  .         Reflect  .     m - ring of wizardry
rCorr  .         Harm     .     G - ring of protection from fire
MR     +....     Rnd*Rage +     K - ring of positive energy
Stlth  +++++++... Rnd*Tele +    C - +6 ring of protection
                                (no ring)
                                (no ring)
                                (no ring)
                                (no ring)

@: exhausted, very slightly contaminated, slowed, very slow
A: almost no armour, stealthy swim, amphibious, 8 rings, constrict 8, antennae
1, rugged brown scales 1, thin metallic scales 1, camouflage 2, berserk 1,
blink, clumsy 1, cold resistance 1, deterioration 2, dopey 2, fire resistance 1,
teleportitis 1, gelatinous body 1
a: Blink, Fungal Bloom, Evolution, Sunlight, Growth, Reproduction, Rain,
Renounce Religion


You were on level 13 of the Dungeon.
You worshipped Fedhas.
Fedhas was extremely pleased with you.
You were very hungry.

You visited 4 branches of the dungeon, and saw 22 of its levels.
You also visited: Labyrinth.

You collected 2299 gold pieces.
You spent 865 gold pieces at shops.

Inventory:

Hand Weapons
 j - a +1 flail of protection
 D - a +2 rapier of venom (weapon)
 L - a +4 hunting sling of flaming
 U - a +0 spear of venom
 V - a +0 blowgun
Missiles
 N - 110 sling bullets
 O - 272 stones (quivered)
 W - 7 curare-tipped needles
Armour
 I - a +3 large shield (worn)
 P - a +2 shield
 Q - a +2 hat (worn)
Jewellery
 i - an amulet of guardian spirit (around mantle)
 m - a ring of wizardry (left tentacle)
 C - a +6 ring of protection (on tentacle)
 G - a ring of protection from fire (right tentacle)
 K - a ring of positive energy (on tentacle)
Wands
 c - a wand of acid (0/15)
 l - a wand of heal wounds (3/9)
 s - a wand of slowing (18/48)
 t - a wand of flame (11/48)
 v - a wand of flame (25/48)
 w - a wand of digging (12/24)
 x - a wand of iceblast (0/15)
 B - a wand of acid (0/15)
 E - a wand of paralysis (0/24)
Scrolls
 b - 2 scrolls of identify
 d - 3 scrolls of remove curse
 g - 5 scrolls of immolation
 o - 3 scrolls of teleportation
 p - a scroll of holy word
 q - 4 scrolls of fear
 r - 5 scrolls of enchant armour
 u - 2 scrolls of recharging
 y - 7 scrolls of fog
 z - 3 scrolls of magic mapping
 R - 6 scrolls of blinking
 S - a scroll of torment
Potions
 a - a potion of curing
 k - a potion of flight
 n - 4 potions of cancellation
 F - a potion of resistance
 M - 2 potions of agility
 Y - a potion of heal wounds
 Z - 2 potions of brilliance
Books
 e - a book of Maledictions

   Spells                             Type                      Level
   a - Corona                         Hexes                        1
   b - Ensorcelled Hibernation        Hexes/Ice                    2
   c - Confuse                        Hexes                        3
   d - Tukima's Dance                 Hexes                        3
   e - Dazzling Spray                 Conjuration/Hexes            3
 A - a book of Spatial Translocations

   Spells                             Type                      Level
   a - Blink                          Translocation                2
   b - Shroud of Golubria             Charms/Translocation         2
   c - Lesser Beckoning               Translocation                3
   d - Portal Projectile              Translocation                3
   e - Teleport Other                 Translocation                3
   f - Passage of Golubria            Translocation                4
Comestibles
 f - 2 bread rations
 H - 22 fruits


   Skills:
 - Level 10.8 Fighting
 - Level 1.0 Short Blades
 * Level 11.3 Slings
 - Level 10.4 Dodging
 - Level 11.6 Stealth
 * Level 12.0 Shields
 + Level 10.8 Invocations
 * Level 10.0 Evocations


You had 14 spell levels left.
You didn't know any spells.

Dungeon Overview and Level Annotations

Branches:
Dungeon (13/15)            Temple (1/1) D:4            Lair (6/6) D:8
 Shoals (0/4) Lair:4        Snake (0/4) Lair:4        Slime (0/5) Lair:5
    Orc (2/2) D:10            Elf (0/3) Orc:2
 Vaults: D:13-14

Altars:
Ashenzari
Cheibriados
Dithmenos
Elyvilon
Fedhas
Gozag
Hepliaklqana
Kikubaaqudgha
Makhleb
Nemelex Xobeh
Okawaru
Qazlal
Ru
Sif Muna
Trog
Uskayaw
Vehumet
Xom
Yredelemnul
Zin
The Shining One
Jiyva

Shops:
D:8 *   Orc:2 [*(=

Annotations:
D:13 Azrael, Kirke
Orc:2 Rupert


Innate Abilities, Weirdness & Mutations

You cannot wear most types of armour.
You are very stealthy in the water. (Stealth+)
You are amphibious.
You can wear up to eight rings at the same time.
You can use your tentacles to constrict eight enemies at once.
Your skin blends seamlessly with your surroundings (Stealth++).
Your rubbery body absorbs attacks. (AC +1, EV +1)
You have a pair of small antennae on your head.
You are partially covered in rugged brown scales. (AC +1, +3% HP)
You are partially covered in thin metallic scales. (AC +2)
You tend to lose your temper in combat.
You can translocate small distances at will.
You are clumsy. (Dex -2)
Your flesh is cold resistant. (rC+)
Your body often deteriorates upon taking damage.
You are very dopey. (Int -4)
Your flesh is heat resistant. (rF+)
You are occasionally teleported next to monsters.


Message History

You are covered in liquid flames!
* * * LOW HITPOINT WARNING * * *
You are no longer berserk.
You are exhausted.
You feel yourself slow down. You block the fire elemental's attack.
You block the mottled dragon's attack.
The mottled dragon claws you but does no damage.
Unknown command.
Unknown command.
Okay, then.
Blink to where?
Press: ? - help, Dir - move target cursor, p - gargoyle You are very lightly contaminated with residual magic.
As you read the scroll of blinking, it crumbles to dust.
You are covered in liquid flames!
* * * LOW HITPOINT WARNING * * *
The ogre mage casts a spell at you. The bolt of cold hits you! You resist.
You die...
Fedhas appreciates your contribution to the ecosystem.

....#####.#..§§}Eh..
.. #####
#f#.##########.. ##
#.#.## ....... #
#########.#§R#
≈≈≈≈...
..........#§#§#
≈≈≈≈≈..
###########.##.≈
≈≈≈≈≈.. #E#
.≈≈≈≈≈≈≈...≈ #E#
##..# '''# #.# #@..#
...# #.# #...# ...#
####### #.# #...#
...# #.f{f.# #.#
##'####.#.####
#f###.# #.#
#....p9)......
#{#<..# #.#
#..OEDR§......
#.#########.#
#$.9.§E§p.....
........f{..#
########'#####
############# .⌠#


You could see an ogre mage, a fire elemental and a gargoyle.

Vanquished Creatures
  Frances (D:13)
  An orc warlord (Orc:2)
  A minotaur (Lab)
  2 vault guards (D:13)
  4 hydras
  A centaur warrior (D:12)
  A queen ant (Lair:2)
  4 orc high priests
  Sonja (Lair:1)
  Nergalle (D:10)
  4 orc knights (Orc:2)
  2 hill giants
  2 ugly things
  3 orc sorcerers (Orc:2)
  2 wolf spiders (Lair:6)
  A manticore (D:11)
  3 elephants (Lair:6)
  A siren (Lair:4)
  A centaur zombie (D:11)
  Joseph (D:9)
  Maurice (Orc:1)
  7 black mambas
  A guardian serpent (Lair:6)
  21 spiny frogs
  A centaur skeleton (D:10)
  A rime drake (Lair:4)
  A kobold demonologist (D:11)
  4 komodo dragons
  A tengu conjurer (D:13)
  2 trolls
  A merfolk (Lair:4)
  3 polar bears
  3 hornets
  Edmund (D:6)
  4 slime creatures (D:12)
  Grinder (D:3)
  10 hippogriffs
  5 blink frogs
  2 dream sheep
  A spriggan (Lair:4)
  A redback (Lab)
  5 wyverns
  A fire elemental (D:13)
  5 basilisks
  30 yaks
  Eustachio (D:5)
  8 hungry ghosts
  4 steam dragons (Lair:6)
  2 wargs
  5 soldier ants
  2 hell hounds (D:13)
  18 water moccasins
  7 porcupines
  3 ice beasts
  A sky beast (D:10)
  24 orc warriors
  2 phantoms
  A swamp drake (Lair:6)
  4 ogres
  A hornet zombie (D:9)
  8 centaurs
  2 wolves
  18 crocodiles
  3 big kobolds
  15 bullfrogs
  A gnoll sergeant (D:5)
  5 scorpions
  13 killer bees
  A wight (D:5)
  An electric eel (Lair:3)
  6 howler monkeys
  A wandering mushroom (D:12)
  4 jellies
  3 crimson imps
  20 orc wizards
  2 quasits
  A gnoll shaman (Orc:2)
  18 orc priests
  6 hounds
  5 bullfrog skeletons
  8 iguanas
  2 hell rats (Lair:6)
  34 worker ants
  Terence (D:3)
  A hound skeleton (D:4)
  A worker ant zombie (D:6)
  15 adders
  11 gnolls
  A river rat (Lair:6)
  11 shadow imps
  A white imp (D:9)
  An ufetubus (D:9)
  An ooze (D:3)
  An adder skeleton (D:9)
  3 worms
  2 dart slugs (D:1)
  7 leopard geckos
  56 orcs
  A ball python (D:2)
  4 giant cockroaches
  13 goblins
  9 hobgoblins
  10 jackals
  18 kobolds
  5 quokkas
  10 bats
  8 frilled lizards
  A jackal skeleton (D:6)
  4 rats
  2 ballistomycetes (Orc:2)
  6 ballistomycete spores (Orc:2)
  2 plants
  4 toadstools
620 creatures vanquished.

Vanquished Creatures (collateral kills)
  Gastronok (D:12)
  A fire dragon (Lair:6)
  A hydra (Lair:4)
  A catoblepas (Lair:5)
  Erica (D:10)
  3 death yaks (Lair:4)
  A hill giant (D:10)
  A lindwurm (Lair:3)
  3 orc sorcerers (Orc:2)
  A manticore (D:12)
  A siren (Lair:4)
  A guardian serpent (Lair:4)
  A black mamba (Lair:6)
  4 komodo dragons
  A rime drake (Lair:3)
  2 centaur skeletons
  A kobold demonologist (D:11)
  2 trolls
  A merfolk (Lair:4)
  A two-headed ogre (D:10)
  5 blink frogs
  5 dream sheep (Lair:5)
  A hornet (Lair:6)
  2 hippogriffs
  A redback (Lair:6)
  A shadow (D:12)
  2 wyverns (Lair:6)
  A vampire (D:13)
  14 yaks
  2 basilisks
  3 hungry ghosts
  A mottled dragon (Lair:6)
  A warg (Orc:2)
  2 water moccasins
  3 ice beasts
  13 orc warriors
  4 ogres
  3 crocodiles
  A big kobold (D:11)
  The ghost of monokles the Firebug, an amateur TeFE (D:3)
  A gnoll sergeant (D:9)
  4 bullfrogs
  A scorpion (D:8)
  11 killer bees
  A wight (D:5)
  A crimson imp (D:8)
  A hound (D:9)
  7 orc priests
  5 orc wizards
  3 iguanas
  5 worker ants
  2 hell rats (Lair:6)
  A centaur simulacrum (D:9)
  3 adders
  A gnoll (D:9)
  2 river rats (D:7)
  A white imp (D:9)
  A worm (D:6)
  24 orcs
  4 jackals
  2 ball pythons
  A kobold (D:12)
  2 ballistomycete spores (Orc:2)
  A butterfly (Lair:1)
  2 toadstools (Lair:1)
182 creatures vanquished.

Vanquished Creatures (others)
  An oklob plant (Orc:2)
  A spiny frog (Lair:6)
  A queen bee (D:8)
  A meliai zombie (D:12)
  A soldier ant (Lair:2)
  A crocodile (D:7)
  A wight (D:5)
  An iguana (Lair:6)
  An orc wizard (D:5)
  A worker ant (Lair:2)
  36 wandering mushrooms
  A jackal (D:3)
  11 ballistomycetes (Orc:2)
  3 ballistomycete spores (Orc:2)
  8 fungi
  20 plants
  645 toadstools
734 creatures vanquished.

Grand Total: 1536 creatures vanquished

Notes
Turn   | Place    | Note
-------+----------+-------------------------------------------
     0 | D:1      | M4edhros the Octopode Artificer began the quest for the Orb.
     0 | D:1      | Reached XP level 1. HP: 13/13 MP: 3/3
   113 | D:1      | Reached XP level 2. HP: 16/18 MP: 4/4
   362 | D:2      | Reached XP level 3. HP: 23/23 MP: 5/5
   615 | D:3      | Noticed Grinder
  1006 | D:3      | Killed Grinder
  1006 | D:3      | Reached skill level 5 in Stealth
  1006 | D:3      | Reached skill level 5 in Evocations
  1006 | D:3      | Reached XP level 4. HP: 18/28 MP: 3/8
  1006 | D:3      | Reached XP level 5. HP: 22/33 MP: 3/9
  1006 | D:3      | Reached XP level 6. HP: 25/38 MP: 3/10
  1047 | D:3      | Noticed Terence
  1072 | D:3      | Killed Terence
  1355 | D:4      | Found a hazy altar of Hepliaklqana.
  1385 | D:4      | Found a staircase to the Ecumenical Temple.
  1408 | Temple   | Entered the Ecumenical Temple
  1445 | Temple   | Became a worshipper of Fedhas Madash
  1519 | D:3      | Noticed monokles's ghost (amateur TeFE)
  1655 | D:2      | Found a basalt altar of Yredelemnul.
  1786 | D:1      | Reached * piety under Fedhas
  2430 | D:2      | Found a faded altar of an unknown god.
  2430 | D:2      | Found a shimmering altar of Xom.
  2438 | D:2      | Found a radiant altar of Vehumet.
  2440 | D:2      | Found a faded altar of an unknown god.
  2442 | D:2      | Found a shadowy altar of Dithmenos.
  2623 | D:2      | Reached ** piety under Fedhas
  3078 | D:3      | Killed monokles's ghost
  3078 | D:3      | Reached skill level 1 in Invocations
  3110 | D:4      | Reached XP level 7. HP: 28/43 MP: 8/11
  3336 | D:5      | Entered Level 5 of the Dungeon
  3615 | D:5      | Reached XP level 8. HP: 46/50 MP: 13/13
  3644 | D:5      | Noticed Eustachio
  3746 | D:5      | Killed Eustachio
  3746 | D:5      | Reached skill level 1 in Shields
  4018 | D:5      | Reached skill level 2 in Shields
  4067 | D:5      | Found an ancient bone altar of Kikubaaqudgha.
  4274 | D:6      | Noticed Edmund
  4331 | D:6      | Killed Edmund
  4646 | D:6      | Reached skill level 3 in Shields
  4711 | D:6      | Reached skill level 5 in Invocations
  4711 | D:6      | Reached XP level 9. HP: 35/57 MP: 11/14
  5069 | D:7      | Reached skill level 4 in Shields
  5281 | D:7      | Found a deep blue altar of Sif Muna.
  5492 | D:7      | Found a hazy altar of Hepliaklqana.
  6304 | D:8      | Reached skill level 5 in Shields
  6453 | D:8      | Found a staircase to the Lair.
  6483 | D:8      | Reached XP level 10. HP: 51/65 MP: 12/15
  6529 | D:8      | Found a deep blue altar of Sif Muna.
  6840 | D:8      | Reached skill level 5 in Dodging
  6849 | D:8      | Reached skill level 5 in Fighting
  6901 | D:8      | Reached skill level 6 in Shields
  7294 | D:8      | Found Higoberu's Assorted Antiques.
  7299 | D:8      | Bought a sapphire ring for 145 gold pieces
  7299 | D:8      | Bought a glowing hunting sling for 217 gold pieces
  7951 | D:9      | Found a shattered altar of Ashenzari.
  7954 | D:9      | Reached skill level 10 in Stealth
  8311 | D:9      | Found a bloodstained altar of Trog.
  8320 | D:9      | Reached *** piety under Fedhas
  8541 | D:9      | Reached skill level 7 in Shields
  8589 | D:9      | Noticed Joseph
  8617 | D:9      | Killed Joseph
  8671 | D:9      | Found a sacrificial altar of Ru.
  8924 | D:10     | Entered Level 10 of the Dungeon
  8924 | D:10     | Found a staircase to the Orcish Mines.
  8929 | D:10     | Noticed a hill giant
  8963 | D:10     | Reached XP level 11. HP: 67/72 MP: 17/17
  8995 | D:10     | Noticed a hill giant
  9013 | D:10     | Noticed Erica
  9013 | D:10     | Killed a hill giant
  9019 | D:10     | Killed Erica
  9322 | D:10     | Gained mutation: Your flesh is cold resistant. (rC+) [mutagenic meat]
  9323 | D:10     | Gained mutation: You can translocate small distances at will. [mutagenic meat]
  9324 | D:10     | Gained mutation: Your flesh is very cold resistant. (rC++) [mutagenic meat]
  9325 | D:10     | Lost mutation: Your flesh is very cold resistant. (rC++) [mutagenic meat]
  9378 | D:10     | Killed a hill giant
  9710 | D:10     | Reached skill level 8 in Shields
 10081 | D:11     | Reached **** piety under Fedhas
 10093 | D:11     | Noticed a manticore
 10112 | D:11     | Killed a manticore
 10352 | D:11     | Reached skill level 10 in Invocations
 10593 | D:11     | Noticed a purple ugly thing
 10604 | D:11     | Killed a purple ugly thing
 10609 | D:11     | Gained mutation: You expend magic power (3 MP) to strengthen your wands. [mutagenic meat]
 10611 | D:11     | Gained mutation: You are dopey. (Int -2) [mutagenic meat]
 10612 | D:11     | Gained mutation: You are very dopey. (Int -4) [mutagenic meat]
 10616 | D:11     | Gained mutation: Your body sometimes deteriorates upon taking damage. [potion of mutation]
 10616 | D:11     | Gained mutation: You are occasionally teleported next to monsters. [potion of mutation]
 10698 | D:12     | Noticed a manticore
 10709 | D:12     | Killed a manticore
 10885 | D:12     | Noticed a skeletal warrior
 10886 | D:12     | Noticed a skeletal warrior
 10917 | D:12     | Noticed an eight-headed hydra
 10932 | D:12     | Killed an eight-headed hydra
 10932 | D:12     | Reached skill level 9 in Shields
 11189 | D:12     | Reached XP level 12. HP: 42/80 MP: 9/19
 11454 | D:12     | Noticed a centaur warrior
 11486 | D:12     | Killed a centaur warrior
 11891 | D:12     | Noticed Gastronok
 11933 | D:12     | Reached skill level 1 in Slings
 11933 | D:12     | Killed Gastronok
 12193 | Lair:1   | Entered Level 1 of the Lair of Beasts
 12382 | Lair:1   | Noticed Sonja
 12403 | Lair:1   | Killed Sonja
 13071 | Lair:2   | Reached ***** piety under Fedhas
 13266 | Lair:2   | Noticed a queen ant
 13422 | Lair:2   | Reached skill level 10 in Shields
 13986 | Lair:2   | Reached skill level 5 in Slings
 14275 | Lair:2   | Killed a queen ant
 14422 | Lair:3   | Reached XP level 13. HP: 52/88 MP: 14/21
 16429 | Lair:4   | Found a staircase to the Shoals.
 16928 | Lair:4   | Found a staircase to the Snake Pit.
 17005 | Lair:4   | Gained mutation: You are partially covered in thin metallic scales. (AC +2) [mutagenic meat]
 17006 | Lair:4   | Gained mutation: Your flesh is heat resistant. (rF+) [mutagenic meat]
 17007 | Lair:4   | Gained mutation: You are clumsy. (Dex -2) [mutagenic meat]
 17008 | Lair:4   | Gained mutation: You tend to lose your temper in combat. [mutagenic meat]
 17009 | Lair:4   | Gained mutation: You have a pair of small antennae on your head. [mutagenic meat]
 17687 | Lair:5   | Reached skill level 11 in Shields
 18626 | Lair:5   | Found a viscous altar of Jiyva.
 18627 | Lair:5   | Found a staircase to the Slime Pits.
 18675 | Lair:6   | Entered Level 6 of the Lair of Beasts
 18691 | Lair:6   | Found a labyrinth entrance.
 18706 | Lab      | Entered a labyrinth
 19410 | Lab      | Noticed a minotaur
 19416 | Lab      | Killed a minotaur
 19416 | Lab      | Reached XP level 14. HP: 97/97 MP: 18/22
 19984 | Lair:6   | Reached skill level 10 in Fighting
 20292 | Lair:6   | Lost mutation: You expend magic power (3 MP) to strengthen your wands. [mutagenic meat]
 20293 | Lair:6   | Gained mutation: You are partially covered in rugged brown scales. (AC +1, +3% HP) [mutagenic meat]
 20855 | Lair:6   | Reached skill level 10 in Slings
 21508 | Lair:6   | Gained mutation: Your body often deteriorates upon taking damage. [potion of mutation]
 21508 | Lair:6   | Gained mutation: Your skin blends seamlessly with your surroundings (Stealth++). [potion of mutation]
 22619 | Orc:1    | Entered Level 1 of the Orcish Mines
 22619 | Orc:1    | Noticed Nergalle
 22623 | Orc:1    | Noticed Maurice
 22636 | D:10     | Killed Nergalle
 23010 | Orc:1    | Killed Maurice
 23543 | Orc:2    | Entered Level 2 of the Orcish Mines
 23635 | Orc:2    | Reached skill level 10 in Dodging
 23918 | Orc:2    | Found a staircase to the Elven Halls.
 24064 | Orc:2    | Noticed Rupert
 24133 | Orc:2    | Noticed an orc warlord
 24208 | Orc:2    | Reached XP level 15. HP: 64/108 MP: 5/23
 24210 | Orc:2    | Killed an orc warlord
 24285 | Orc:2    | Found Simmaes's General Store.
 24285 | Orc:2    | Found Gate's Jewellery Emporium.
 24285 | Orc:2    | Found Gikkez's Antique Armour Shoppe.
 24285 | Orc:2    | Found Boxumom's Antique Weapon Shoppe.
 24291 | Orc:2    | Bought 3 scrolls of identify for 66 gold pieces
 24569 | Orc:2    | Bought a scroll of blinking for 82 gold pieces
 24569 | Orc:2    | Bought a scroll of enchant weapon for 82 gold pieces
 24569 | Orc:2    | Bought a scroll of enchant armour for 82 gold pieces
 24569 | Orc:2    | Bought a scroll of magic mapping for 38 gold pieces
 24577 | Orc:2    | Bought a large shield for 153 gold pieces
 25652 | D:13     | Noticed Azrael
 25822 | D:13     | Noticed Frances
 25840 | D:13     | HP: 3/108 [Frances/iron shot (37)]
 25842 | D:13     | Killed Frances
 25842 | D:13     | Reached skill level 12 in Shields
 25979 | D:13     | Noticed Kirke
 26026 | D:13     | Reached skill level 10 in Evocations
 26046 | D:13     | HP: 6/162 [mottled dragon (7)]
 26050 | D:13     | Killed from afar by an ogre mage

Skill      XL: |  1  2  3  4  5  6  7  8  9 10 11 12 13 14 15 |
---------------+----------------------------------------------+-----
Stealth        | 2 3 5 6 7 8 9 10 11 | 11.6
Evocations     | 5 6 7 9 10 | 10.0
Invocations    | 1 3 5 6 8 10 | 10.8
Fighting       | 2 3 4 5 6 8 9 10 | 10.8
Dodging        | 3 4 5 6 8 9 10 | 10.4
Shields        | 3 5 7 9 10 11 12 | 12.0
Slings         | 5 9 10 11 | 11.3
Short Blades   | |  1.0

Action                   |  1- 3 |  4- 6 |  7- 9 | 10-12 | 13-15 || total
-------------------------+-------+-------+-------+-------+-------++-------
Melee: Short sword       |    63 |   121 |    69 |       |       ||   253
       Constrict         |    17 |    24 |    35 |    97 |   120 ||   293
       Tentacles         |    13 |    23 |    41 |   108 |   142 ||   327
       Rapier            |       |       |   108 |   423 |   698 ||  1229
       Flail             |       |       |       |    39 |    55 ||    94
       Spear             |       |       |       |    32 |       ||    32
 Fire: Hunting sling     |       |       |       |   207 |   571 ||   778
       Blowgun           |       |       |       |       |     1 ||     1
Invok: Fungal Bloom      |       |    15 |    31 |    70 |    84 ||   200
       Evolution         |       |     1 |     8 |    13 |    18 ||    40
       Sunlight          |       |       |       |     6 |     1 ||     7
       Rain              |       |       |       |       |     3 ||     3
       Reproduction      |       |       |       |       |     5 ||     5
Evoke: Wand              |     5 |       |     9 |    45 |    67 ||   126
  Use: Potion            |       |       |     7 |    15 |    11 ||    33
       Scroll            |       |       |       |    25 |    22 ||    47
 Stab: Sleeping          |    12 |    17 |    16 |    23 |    27 ||    95
       Distracted        |       |     1 |     1 |     4 |     3 ||     9
       Betrayed ally     |       |       |     1 |     1 |     2 ||     4
       Confused          |       |       |       |     5 |     9 ||    14
       Paralysed         |       |       |       |       |     6 ||     6
  Eat: Chunk             |       |     3 |       |    11 |    18 ||    32
       Meat ration       |       |     1 |     1 |     1 |     3 ||     6
       Bread ration      |       |       |     1 |     1 |     5 ||     7
       Royal jelly       |       |       |       |     7 |     2 ||     9
       Beef jerky        |       |       |       |       |     1 ||     1
       Pizza             |       |       |       |       |     1 ||     1
Armor: Skin              |     7 |     5 |     7 |    43 |   249 ||   311
Dodge: Dodged            |    40 |    77 |    87 |   301 |   534 ||  1039
Block: Shield            |       |       |    32 |   341 |   542 ||   915
       Large shield      |       |       |       |       |   222 ||   222
